 Dungeon Sprint DCSS version 0.23.2-30-g0e89c35649 (webtiles) character file.

Game seed: 1305899044778266472

455572 Jannitor the Conqueror (level 19, 245/245 HPs)
             Began as an Ogre Fighter on May 4, 2019.
             Was the Champion of Makhleb.
             Escaped with the Orb!
             The game lasted 00:25:39 (3588 turns).

Jannitor the Conqueror (Ogre Fighter)               Turns: 3588, Time: 00:25:40

Health: 245/245    AC: 43    Str: 40    XL:     19   Next: 0%
Magic:  44/44      EV: 14    Int:  7    God:    Makhleb [******]
Gold:   0          SH: 34    Dex: 16    Spells: 18/18 levels left

rFire    + + +     SeeInvis +   n - +14 obsidian axe {chop, +Fly SInv *Curse} (curse)
rCold    + + .     Gourm    .   o - +18 shield of the Gong {rElec rN+ MR+ EV-5}
rNeg     + . .     Faith    .   l - +12 gold dragon scales
rPois    +         Spirit   .   (helmet restricted)
rElec    +         Reflect  .   J - +5 cloak of Defiance {*Corrode rElec rF+}
rCorr    .         Harm     .   (gloves unavailable)
MR       ++...     NoTele   +   (boots unavailable)
Stlth    ..........             t - amulet of Undoing {Inacc rElec rF+++ Str+6}
HPRegen  0.50/turn              b - ring "Xashruki" {rC+ Str+3 Dex+2}
MPRegen  0.29/turn              O - ring of Ypruef {rElec MP+9 Str+6}

@: glowing, studying 6 skills
A: large, unfitting armour, dopey 1, tough skin 1
0: Orb of Zot
a: Minor Destruction, Lesser Servant of Makhleb, Major Destruction, Greater
Servant of Makhleb, Renounce Religion, Evoke Flight


You escaped.
You worshipped Makhleb.
Makhleb was exalted by your worship.
You were not hungry.

You visited 1 branch

Inventory:

Hand Weapons
 m - a +9 broad axe of freezing
 n - the cursed +14 obsidian axe (weapon) {chop, +Fly SInv *Curse}
   (You found it in the Dungeon)

   It inflicts extra damage upon your enemies.
   It lets you see invisible.
   It lets you fly.
   It curses itself when equipped.
   It has a curse placed upon it.
Missiles
 Q - 35 javelins
 V - 16 javelins of penetration (quivered)
Armour
 l - +12 gold dragon scales (worn)
 o - the +18 shield of the Gong (worn) {rElec rN+ MR+ EV-5}
   (You found it in the Dungeon)

   It affects your evasion (-5).
   It insulates you from electricity.
   It protects you from negative energy.
   It affects your resistance to hostile enchantments.
 J - the +5 cloak of Defiance (worn) {*Corrode rElec rF+}
   (You acquired it in the Dungeon)

   It protects you from fire.
   It insulates you from electricity.
   It may corrode you when you take damage.
Jewellery
 b - the ring "Xashruki" (left hand) {rC+ Str+3 Dex+2}
   (You found it in the Dungeon)

   [ring of dexterity]

   It affects your strength (+3).
   It affects your dexterity (+2).
   It protects you from cold.
 c - the amulet of Pigigin {Faith +Fly rPois Int+2}
   (You found it in the Dungeon)

   [amulet of faith]

   It allows you to gain divine favour quickly.
   It affects your intelligence (+2).
   It protects you from poison.
   It lets you fly.
 t - the amulet of Undoing (around neck) {Inacc rElec rF+++ Str+6}
   (You found it in the Dungeon)

   [amulet of inaccuracy]

   It reduces the accuracy of all your attacks.
   It affects your strength (+6).
   It renders you almost immune to fire.
   It insulates you from electricity.
 u - an uncursed ring of protection from cold
 O - the ring of Ypruef (right hand) {rElec MP+9 Str+6}
   (You found it in the Dungeon)

   [ring of strength]

   It affects your strength (+6).
   It insulates you from electricity.
   It affects your magic capacity (+9).
 X - the macabre finger necklace {rN+}
   (You found it in the Dungeon)

   [amulet of nothing]

   It protects you from negative energy.
Wands
 v - a wand of disintegration (7)
 w - a wand of iceblast (7)
 x - a wand of acid (7)
Scrolls
 k - 4 scrolls of blinking
 q - 12 scrolls of enchant weapon
 s - 7 scrolls of brand weapon
 y - 4 scrolls of amnesia
 E - 7 scrolls of fog
 F - a scroll of holy word
 G - 5 scrolls of identify
 H - 4 scrolls of remove curse
 I - 2 scrolls of fear
Potions
 d - 7 potions of might
 e - 10 potions of curing
 g - 4 potions of heal wounds
 h - 3 potions of haste
 i - 7 potions of magic
 j - 3 potions of berserk rage
 z - 2 potions of brilliance
 A - a potion of invisibility
 B - 3 potions of resistance
 D - 7 potions of agility
Books
 r - a manual of Maces & Flails
 C - a manual of Transmutations
 N - a manual of Maces & Flails
 P - a manual of Conjurations
 R - a manual of Bows
 S - a manual of Polearms
 T - a manual of Bows
 U - a manual of Short Blades
 W - a manual of Maces & Flails
Miscellaneous
 a - 6 phantom mirrors
 p - a lamp of fire
 K - 10 boxes of beasts
 L - 11 sacks of spiders
 M - a lightning rod (4/4)
 Y - a fan of gales
 Z - a phial of floods
Comestibles
 f - 6 rations


   Skills:
 O Level 27 Fighting
 - Level 19.1 Axes
 + Level 20.4 Throwing
 + Level 20.5 Armour
 + Level 21.9 Dodging
 - Level 15.3 Shields
 + Level 24.9 Invocations
 + Level 19.2 Evocations


You had 18 spell levels left.
You didn't know any spells.
Your spell library contained the following spells:

 Spells                   Type           Power        Failure   Level  Hunger
 Animate Skeleton         Necr           N/A          95%         1    ##.....
 Corona                   Hex            #......      95%         1    ##.....
 Infusion                 Chrm           #...         95%         1    ##.....
 Magic Dart               Conj           #...         95%         1    ##.....
 Pain                     Necr           #...         95%         1    ##.....
 Sandblast                Erth           #.....       95%         1    ##.....
 Shock                    Conj/Air       #...         95%         1    ##.....
 Summon Butterflies       Summ           #.......     95%         1    ##.....
 Summon Small Mammal      Summ           #...         95%         1    ##.....
 Blink                    Tloc           N/A          98%         2    ###....
 Call Imp                 Summ           #.......     98%         2    ###....
 Corpse Rot               Necr           N/A          98%         2    ###....
 Passwall                 Tmut/Erth      #.......     98%         2    ###....
 Poisonous Vapours        Pois/Air       #.....       98%         2    ###....
 Slow                     Hex            #.......     98%         2    ###....
 Sticks to Snakes         Tmut           #.......     98%         2    ###....
 Sublimation of Blood     Necr           #.........   98%         2    ###....
 Swiftness                Chrm/Air       #.......     98%         2    ###....
 Call Canine Familiar     Summ           #.......     100%        3    ####...
 Conjure Flame            Conj/Fire      #.......     100%        3    ####...
 Ignite Poison            Fire/Tmut/Pois #.......     100%        3    ####...
 Inner Flame              Hex/Fire       #.......     100%        3    ####...
 Mephitic Cloud           Conj/Pois/Air  #.......     100%        3    ####...
 Portal Projectile        Hex/Tloc       #.....       100%        3    ####...
 Recall                   Summ/Tloc      N/A          100%        3    ####...
 Regeneration             Chrm/Necr      #.........   100%        3    ####...
 Spectral Weapon          Hex/Chrm       #.......     100%        3    ####...
 Static Discharge         Conj/Air       #.......     100%        3    ####...
 Summon Guardian Golem    Hex/Summ       #.......     100%        3    ####...
 Tukima's Dance           Hex            #.......     100%        3    ####...
 Vampiric Draining        Necr           #.........   100%        3    ####...
 Animate Dead             Necr           N/A          100%        4    #####..
 Cause Fear               Hex            #.........   100%        4    #####..
 Fulminant Prism          Conj/Hex       #.........   100%        4    #####..
 Ice Form                 Ice/Tmut       #.......     100%        4    #####..
 Leda's Liquefaction      Hex/Erth       #.........   100%        4    #####..
 Summon Ice Beast         Ice/Summ       #.......     100%        4    #####..
 Summon Lightning Spire   Summ/Air       #.......     100%        4    #####..
 Agony                    Necr           #.......     100%        5    ######.
 Aura of Abjuration       Summ           #.........   100%        5    ######.
 Bolt of Draining         Conj/Necr      #.........   100%        5    ######.
 Borgnjor's Vile Clutch   Necr/Erth      #.........   100%        5    ######.
 Dispel Undead            Necr           #.......     100%        5    ######.
 Excruciating Wounds      Chrm/Necr      #.........   100%        5    ######.
 Irradiate                Conj/Tmut      #.........   100%        5    ######.
 Lightning Bolt           Conj/Air       #.........   100%        5    ######.
 Summon Demon             Summ           #.........   100%        5    ######.
 Summon Forest            Summ/Tloc      #.........   100%        5    ######.
 Summon Mana Viper        Hex/Summ       #.......     100%        5    ######.
 Death Channel            Necr           #.........   100%        6    #######
 Freezing Cloud           Conj/Ice/Air   #.........   100%        6    #######
 Hydra Form               Tmut           #.........   100%        6    #######
 Invisibility             Hex            #.......     100%        6    #######
 Iron Shot                Conj/Erth      #.........   100%        6    #######
 Shadow Creatures         Summ           N/A          100%        6    #######
 Simulacrum               Ice/Necr       #.........   100%        6    #######
 Statue Form              Tmut/Erth      #........    100%        6    #######
 Dragon Form              Tmut           #.........   100%        7    #######
 Ring of Flames           Chrm/Fire      #.........   100%        7    #######
 Summon Hydra             Summ           #.........   100%        7    #######
 Controlled Blink         Tloc           N/A          100%        8    #######
 Ignition                 Fire           #.........   100%        8    #######
 Shatter                  Erth           #.........   100%        9    #######
 Tornado                  Air            #.........   100%        9    #######


Dungeon Overview and Level Annotations

Branches:
Dungeon (1/1)

Altars:
Ashenzari
Cheibriados
Dithmenos
Elyvilon
Fedhas
Gozag
Hepliaklqana
Kikubaaqudgha
Makhleb
Nemelex Xobeh
Okawaru
Qazlal
Ru
Sif Muna
Trog
Uskayaw
Vehumet
Wu Jian
Xom
Yredelemnul
Zin
The Shining One
Beogh
Jiyva
Lugonu


Innate Abilities, Weirdness & Mutations

You are too large for most types of armour.
You have tough skin. (AC +1)
You are dopey. (Int -2)


Message History

You see here a scimitar.
You see here a +3 ring mail of poison resistance.
You see here an uncursed staff of fire.
You see here an uncursed staff of wizardry.
There is a transporter here.
An exit appears before you!
You enter the transporter and appear at another place.
Found the Orb of Zot.
Found a staircase leading out of the dungeon.
Unknown command.
You see here the Orb of Zot.
You pick up the Orb of Zot!
The Orb lets out a hideous shriek!
The lords of Pandemonium are not amused.
Beware!
Now all you have to do is get back out of the dungeon!
There is a staircase leading out of the dungeon here.
You start waiting.
A daeva comes into view.
It is wielding a +2 scimitar of holy wrath.
You can't go down here!
Visions of slaying the daeva flood into your mind.
You have escaped!

....(.......▓..▓......)▓).▓...8©8
...(........▓.▓.▓.....▓.▓.▓..::}.
....(.......▓..▓.....))▓..▓..=:).
...(.)((....▓.............▓......
.....)()....▓......©.)....▓......
.....()(....▓▓▓▓▓▓▓▓▓▓▓▓▓▓▓......
▓...(...▓...▓8888888888888▓...†††
.▓.....▓.▓..▓8...A.......8▓..▓†..
▓.......▓...▓8..@.....©..8▓......
............▓8...........8▓....©.
....©.......▓8888888888888▓▓▓▓▓▓▓
▓▓▓▓▓▓▓▓▓▓▓▓▓▓▓▓▓▓▓▓▓▓▓▓▓▓▓▓▓▓▓▓▓
.....8©8........▓........8©8.....
.}))=[[."))}::..▓.):)}[.)[[)})}[=
.:|}=.).[}.")"..▓.:||)|.)")|.:}:.
.:..[.:[:.)=:[).▓.|..=}.).):):[=)
................▓........)|):....


You could see a daeva.

Vanquished Creatures
  2 pandemonium lords (D)
  An ancient lich (D)
  A shard shrike (D)
  Saint Roka (D)
  A golden dragon (D)
  A profane servitor (D)
  An Ice Fiend (D)
  3 liches (D)
  3 quicksilver dragons (D)
  5 titans (D)
  Rupert (D)
  4 tentacled starspawn (D)
  2 deep elf master archers (D)
  3 acid blobs (D)
  Agnes (D)
  2 shadow dragons (D)
  5 fire giants (D)
  6 azure jellies (D)
  6 frost giants (D)
  A ghost moth (D)
  3 iron dragons (D)
  A balrug (D)
  Aizul (D)
  A ghoul (D)
  A vault warden (D)
  3 deep elf sorcerers (D)
  2 reapers (D)
  A very ugly thing (D)
  4 stone giants (D)
  4 slime creatures (D)
  6 vampire knights (D)
  2 deep elf annihilators (D)
  4 ettins (D)
  Josephine (D)
  6 blizzard demons (D)
  A green death (D)
  A merfolk javelineer (D)
  6 death oozes (D)
  A great orb of eyes (D)
  A deep elf high priest (D)
  An ogre mage (D)
  2 fire dragons (D)
  7 ice dragons (D)
  3 hydras (D)
  3 centaur warriors (D)
  Erica (D)
  2 vampire magi (D)
  3 dancing weapons (D)
  An orc high priest (D)
  5 small abominations (D)
  2 thrashing horrors (D)
  3 deep elf knights (D)
  5 wretched stars (D)
  3 death drakes (D)
  8 skeletal warriors (D)
  A glowing orange brain (D)
  A deep elf archer (D)
  7 necromancers (D)
  Pikel (D)
  2 orc knights (D)
  A swamp dragon (D)
  An orb spider (D)
  A deep elf mage (D)
  3 shining eyes (D)
  A wolf spider (D)
  A draconian (D)
  3 cyclopes (D)
  Maurice (D)
  An eye of devastation (D)
  Psyche (D)
  A smoke demon (D)
  3 spiny frogs (D)
  2 hellions (D)
  6 freezing wraiths (D)
  2 yaktaurs (D)
  8 rime drakes (D)
  12 ice devils (D)
  2 tormentors (D)
  An efreet (D)
  3 large abominations (D)
  4 polar bears (D)
  2 hornets (D)
  A jumping spider (D)
  2 blink frogs (D)
  10 shadows (D)
  4 ynoxinuls (D)
  A flying skull (D)
  A tarantella (D)
  2 wyverns (D)
  A vampire (D)
  A water elemental (D)
  Eustachio (D)
  A spriggan (D)
  2 redbacks (D)
  A wraith (D)
  2 golden eyes (D)
  A neqoxec (D)
  2 fire elementals (D)
  A steam dragon (D)
  A chaos spawn (D)
  3 acid dragons (D)
  2 water moccasins (D)
  A hell hound (D)
  Duvessa (D)
  2 floating eyes (D)
  4 orc warriors (D)
  6 ice beasts (D)
  2 swamp drakes (D)
  An eye of draining (D)
  4 necrophages (D)
  3 black bears (D)
  A phantom (D)
  2 wolves (D)
  A centaur (D)
  Blork the orc (D)
  4 bullfrogs (D)
  An earth elemental (D)
  Dowan (D)
  7 scorpions (D)
  8 wights (D)
  17 starcursed masses (D)
  4 iron imps (D)
  2 jellies (D)
  2 orc priests (D)
  A quasit (D)
  Crazy Yiuf (D)
  Jessica (D)
  4 orc wizards (D)
  A mummy (D)
  A gnoll (D)
  12 white imps (D)
  4 adder zombies (D)
  5 adder skeletons (D)
  8 bat skeletons (D)
  6 bat zombies (D)
  3 ball python skeletons (D)
  A ball python zombie (D)
  A bat simulacrum (D)
  A giant cockroach simulacrum (D)
  4 giant cockroach zombies (D)
  2 jackal skeletons (D)
  2 leopard gecko simulacra (D)
  5 leopard gecko zombies (D)
  5 quokka skeletons (D)
  2 quokka zombies (D)
  3 starspawn tentacles (D)
409 creatures vanquished.

Vanquished Creatures (collateral kills)
  2 liches (D)
  An Ice Fiend (D)
  A deep elf blademaster (D)
  A deep elf master archer (D)
  A titan (D)
  Donald (D)
  2 azure jellies (D)
  A fire giant (D)
  A deep elf sorcerer (D)
  2 ghouls (D)
  2 reapers (D)
  3 stone giants (D)
  A vampire knight (D)
  2 merfolk javelineers (D)
  3 ettins (D)
  A blizzard demon (D)
  3 ice dragons (D)
  A hydra (D)
  A thrashing horror (D)
  4 skeletal warriors (D)
  A deep elf knight (D)
  2 swamp dragons (D)
  2 glowing orange brains (D)
  2 deep elf archers (D)
  3 deep elf magi (D)
  A wolf spider (D)
  2 draconians (D)
  2 rust devils (D)
  2 eyes of devastation (D)
  A yaktaur (D)
  2 rime drakes (D)
  2 demonic crawlers (D)
  2 ice devils (D)
  A red devil (D)
  A hellwing (D)
  A tormentor (D)
  A hornet (D)
  3 slime creatures (D)
  A water elemental (D)
  A spriggan (D)
  A flying skull (D)
  A wraith (D)
  A shadow (D)
  A tarantella (D)
  Sigmund (D)
  A neqoxec (D)
  3 orc warriors (D)
  An ice beast (D)
  A black bear (D)
  4 necrophages (D)
  2 eyes of draining (D)
  A bullfrog (D)
  2 wights (D)
  An iron imp (D)
  A jelly (D)
  An orc wizard (D)
  A white imp (D)
  An ooze (D)
  An adder skeleton (D)
  4 adder zombies (D)
  An orc (D)
  A bat skeleton (D)
  A bat zombie (D)
  A ball python skeleton (D)
  A ball python zombie (D)
  A jackal skeleton (D)
  A leopard gecko skeleton (D)
  A leopard gecko zombie (D)
  A quokka skeleton (D)
106 creatures vanquished.

Vanquished Creatures (others)
  A rime drake (D)
  3 polar bears (D)
  A flying skull (D)
  A shadow (D)
  A large abomination (D)
  A centaur (D)
  3 wights (D)
  A white imp (D)
  An ufetubus (D)
  2 bat skeletons (D)
  3 bat zombies (D)
  A giant cockroach simulacrum (D)
  11 starspawn tentacles (D)
30 creatures vanquished.

Grand Total: 545 creatures vanquished

Notes
Turn   | Place    | Note
-------+----------+-------------------------------------------
     0 | D        | Found the +6 Majin-Bo {vamp, Archmagi MP+6 Int+6}
     0 | D        | Found the +7 great mace "Firestarter" {inner flame, rF++}
     0 | D        | Jannitor the Ogre Fighter began the quest for the Orb.
     0 | D        | Reached XP level 1. HP: 24/24 MP: 1/1
    13 | D        | Found a blossoming altar of Fedhas.
    14 | D        | Found a viscous altar of Jiyva.
    14 | D        | Found a hazy altar of Hepliaklqana.
    14 | D        | Found a transporter.
    14 | D        | Found an opulent altar of Gozag.
    14 | D        | Found an ancient bone altar of Kikubaaqudgha.
    14 | D        | Found a corrupted altar of Lugonu.
    24 | D        | Found a burning altar of Makhleb.
    25 | D        | Found a stormy altar of Qazlal.
    25 | D        | Found an iron altar of Okawaru.
    25 | D        | Found a sacrificial altar of Ru.
    25 | D        | Found a sparkling altar of Nemelex Xobeh.
    25 | D        | Found a deep blue altar of Sif Muna.
    25 | D        | Found a bloodstained altar of Trog.
    30 | D        | Found the +6 shillelagh "Devastator" {shatter}
    30 | D        | Found the +11 plutonium sword {*Contam Stlth-}
    30 | D        | Found the +8 lance "Wyrmbane" {slay drac, rPois rF+ rC+
                  | AC+3}
    30 | D        | Found the +9 sword of Zonguldrok {reap}
    30 | D        | Found the cursed +13 scythe of Curses {drain, *Curse}
    30 | D        | Found the +0 sword of Power
    30 | D        | Found the +7 mace of Variability {chain chaos}
    30 | D        | Found the +7 Singing Sword {slice, sonic wave}
    30 | D        | Found the +7 longbow "Piercer" {penet, EV-2}
    31 | D        | Found the +9 heavy crossbow "Sniper" {velocity, Acc+∞ SInv}
    31 | D        | Found the +10 dark maul {crush}
    31 | D        | Found the +15 Maxwell's patent armour {-Cast -Tele rElec
                  | MR+ rCorr}
    31 | D        | Found the +18 shield of the Gong {rElec rN+ MR+ EV-5}
    31 | D        | Found the cursed +14 obsidian axe {chop, +Fly SInv *Curse}
    66 | D        | Became a worshipper of Makhleb the Destroyer
    67 | D        | Reached skill level 6 in Fighting
    67 | D        | Reached XP level 2. HP: 36/36 MP: 2/2
    74 | D        | Entered arena 2.
    74 | D        | Noticed a scorpion
    74 | D        | Noticed a scorpion
    74 | D        | Found a transporter.
    77 | D        | Killed a scorpion
    77 | D        | Reached skill level 7 in Fighting
    77 | D        | Reached XP level 3. HP: 45/46 MP: 3/3
    79 | D        | Killed a scorpion
    79 | D        | Reached skill level 5 in Axes
    79 | D        | Reached skill level 5 in Shields
    79 | D        | Reached XP level 4. HP: 57/57 MP: 4/4
    87 | D        | Entered arena 3.
    87 | D        | Noticed a draconian
    87 | D        | Noticed a draconian
    87 | D        | Noticed a draconian
    87 | D        | Found a transporter.
    88 | D        | Identified the +7 arbalest "Beetle's Undoing" {flame, rF+
                  | Int+4}
    94 | D        | Killed a draconian
    94 | D        | Reached * piety under Makhleb
    94 | D        | Reached skill level 9 in Fighting
    94 | D        | Reached skill level 5 in Armour
    94 | D        | Reached XP level 5. HP: 58/68 MP: 4/8
    94 | D        | Reached XP level 6. HP: 67/78 MP: 4/9
    96 | D        | Killed a draconian
    96 | D        | Reached skill level 10 in Fighting
    96 | D        | Reached skill level 5 in Dodging
    96 | D        | Reached skill level 5 in Invocations
    96 | D        | Reached XP level 7. HP: 75/87 MP: 4/11
    96 | D        | Killed a draconian
    96 | D        | Reached XP level 8. HP: 83/96 MP: 4/12
   104 | D        | Entered arena 4.
   104 | D        | Noticed an orc knight
   104 | D        | Noticed an ogre mage
   104 | D        | Noticed a vault warden
   104 | D        | Noticed an orc knight
   104 | D        | Found a transporter.
   110 | D        | Killed an ogre mage
   110 | D        | Reached ** piety under Makhleb
   110 | D        | Reached skill level 11 in Fighting
   110 | D        | Reached XP level 9. HP: 77/106 MP: 6/14
   111 | D        | Killed an orc knight
   111 | D        | Reached skill level 12 in Fighting
   113 | D        | Killed a vault warden
   113 | D        | Killed an orc knight
   113 | D        | Reached *** piety under Makhleb
   113 | D        | Reached skill level 13 in Fighting
   113 | D        | Reached skill level 10 in Axes
   113 | D        | Reached XP level 10. HP: 81/119 MP: 6/16
   115 | D        | Upgraded the game from 0.23.2-1-ga50397a6bc to
                  | 0.23.2-30-g0e89c35649
   247 | D        | Entered arena 5.
   247 | D        | Noticed a deep elf mage
   247 | D        | Noticed a +0 glaive of flaming
   247 | D        | Noticed a deep elf knight
   247 | D        | Found a transporter.
   250 | D        | Killed a deep elf knight
   250 | D        | Reached skill level 10 in Shields
   252 | D        | Killed a +0 glaive of flaming
   255 | D        | Killed a deep elf mage
   255 | D        | Reached **** piety under Makhleb
   255 | D        | Reached skill level 14 in Fighting
   266 | D        | Entered arena 6.
   266 | D        | Found a transporter.
   275 | D        | Entered arena 7.
   275 | D        | Noticed Sigmund
   275 | D        | Noticed Jessica
   275 | D        | Noticed Blork the orc
   275 | D        | Noticed Crazy Yiuf
   275 | D        | Noticed Dowan
   275 | D        | Noticed Duvessa
   276 | D        | Found a transporter.
   279 | D        | Killed Crazy Yiuf
   279 | D        | Reached ***** piety under Makhleb
   281 | D        | Killed Duvessa
   281 | D        | Reached skill level 10 in Invocations
   281 | D        | Killed Dowan
   282 | D        | Killed Blork the orc
   282 | D        | Killed Jessica
   282 | D        | Killed Sigmund
   287 | D        | Got the amulet of Moetecso {Inacc rC+ MP+9 SInv}
   294 | D        | Entered arena 8.
   295 | D        | Found a transporter.
   304 | D        | Reached ****** piety under Makhleb
   315 | D        | Entered arena 9.
   316 | D        | Found a transporter.
   321 | D        | Reached skill level 1 in Evocations
   330 | D        | Got the ring "Geepish Imih" {Ice -Tele +Fly rN+ Int+5}
   333 | D        | Entered arena 10.
   334 | D        | Found a transporter.
   337 | D        | Reached XP level 11. HP: 131/131 MP: 18/18
   349 | D        | Got the ring of Metusm {rC- Int+6 Dex+6}
   359 | D        | Entered arena 11.
   360 | D        | Identified the +8 flail "Hej Jur" {elec, *Contam +Fly
                  | Str+6}
   360 | D        | Identified the +8 mace "Grim" {holy, *Slow rPois Dex+4}
   360 | D        | Found a transporter.
   375 | D        | Got the ring "Piaps" {+Inv rPois Str+3}
   390 | D        | Entered arena 12.
   390 | D        | Noticed a shining eye
   390 | D        | Gained mutation: You are dopey. (Int -2) [a shining eye]
   391 | D        | Noticed a glowing orange brain
   391 | D        | Noticed a shining eye
   391 | D        | Noticed a shining eye
   392 | D        | Found a transporter.
   398 | D        | Killed a shining eye
   399 | D        | Killed a glowing orange brain
   399 | D        | Reached skill level 10 in Dodging
   401 | D        | Killed a shining eye
   401 | D        | Reached skill level 15 in Fighting
   402 | D        | Killed a shining eye
   418 | D        | Got the Disquisition on Mutagenic Stones
   421 | D        | Entered arena 13.
   421 | D        | Noticed a wolf spider
   421 | D        | Noticed a wolf spider
   421 | D        | Noticed a ghost moth
   423 | D        | Found a transporter.
   425 | D        | Killed a wolf spider
   432 | D        | Killed a ghost moth
   432 | D        | Reached skill level 10 in Armour
   433 | D        | Killed a wolf spider
   442 | D        | Got the +8 broad axe "Kimiro" {freeze, Int+3}
   549 | D        | Entered arena 14.
   550 | D        | Noticed a reaper
   552 | D        | Found a transporter.
   558 | D        | Reached skill level 5 in Evocations
   558 | D        | Reached XP level 12. HP: 56/144 MP: 19/21
   563 | D        | Killed a reaper
   563 | D        | Reached skill level 16 in Fighting
   577 | D        | Got the ring of Ypruef {rElec MP+9 Str+6}
   772 | D        | Got a faintly glowing cloak
   778 | D        | Identified the +5 cloak of Defiance {*Corrode rElec rF+}
                  | (You acquired it in the Dungeon)
   781 | D        | Entered arena 15.
   782 | D        | Noticed Ijyb
   782 | D        | Noticed Donald
   782 | D        | Noticed Agnes
   782 | D        | Noticed Aizul
   782 | D        | Noticed Erica
   782 | D        | Noticed Saint Roka
   782 | D        | Noticed Rupert
   782 | D        | Noticed Psyche
   782 | D        | Noticed Eustachio
   782 | D        | Noticed Maurice
   783 | D        | Noticed Pikel
   783 | D        | Noticed Josephine
   784 | D        | Found a transporter.
   788 | D        | Noticed Ijyb
   788 | D        | Ijyb changed into Ijyb the gnoll
   798 | D        | Killed Ijyb the gnoll
   799 | D        | Killed Psyche
   800 | D        | Killed Rupert
   804 | D        | Killed Agnes
   806 | D        | Killed Aizul
   809 | D        | Killed Maurice
   810 | D        | Killed Josephine
   812 | D        | Killed Eustachio
   817 | D        | Killed Pikel
   822 | D        | Killed Saint Roka
   822 | D        | Reached skill level 17 in Fighting
   822 | D        | Reached XP level 13. HP: 119/156 MP: 21/23
   825 | D        | Killed Donald
   826 | D        | Killed Erica
   839 | D        | Got the ring "Inaududd" {rF+ SInv}
   913 | D        | Entered arena 16.
   915 | D        | Found the +12 Vampire's Tooth {vamp}
   916 | D        | Found a transporter.
   936 | D        | Got the amulet of Pigigin {Faith +Fly rPois Int+2}
   943 | D        | Got the Guide on Malediction
   954 | D        | Entered arena 17.
   957 | D        | Noticed a stone giant
   957 | D        | Noticed a stone giant
   958 | D        | Noticed a merfolk javelineer
   958 | D        | Noticed a merfolk javelineer
   958 | D        | Noticed a merfolk javelineer
   958 | D        | Identified the ring of Reimbursement {rPois SInv}
   958 | D        | Noticed a deep elf master archer
   959 | D        | Found a transporter.
   968 | D        | Killed a stone giant
   969 | D        | Reached skill level 18 in Fighting
   969 | D        | Killed a stone giant
   973 | D        | Killed a merfolk javelineer
   974 | D        | Killed a deep elf master archer
   978 | D        | Killed a merfolk javelineer
   983 | D        | Killed a merfolk javelineer
  1065 | D        | Entered arena 18.
  1065 | D        | Identified the +6 arbalest of Massacring {elec, *Corrode
                  | rPois MR+++ Int-4}
  1065 | D        | Noticed a vampire knight
  1065 | D        | Noticed a vampire knight
  1068 | D        | Killed a vampire knight
  1068 | D        | Reached skill level 1 in Throwing
  1069 | D        | Identified the amulet of Lugonu's Regard {Acrobat Int-5
                  | Slay+3 Stlth+}
  1070 | D        | Identified the +3 short sword of the Dragonfly {venom,
                  | Dex+3}
  1070 | D        | Noticed a lich
  1073 | D        | Killed a vampire knight
  1082 | D        | Killed a lich
  1082 | D        | Reached skill level 15 in Invocations
  1082 | D        | Reached XP level 14. HP: 124/170 MP: 25/25
  1089 | D        | Reached skill level 15 in Axes
  1155 | D        | Found a transporter.
  1180 | D        | Entered arena 19.
  1180 | D        | Identified the +7 lajatang of Disembowelment {freeze,
                  | +Blink rElec MR- Stlth+}
  1180 | D        | Noticed a vampire knight
  1180 | D        | Identified the ring of Lady Luck {Fire MR+ Stlth+}
  1180 | D        | Noticed a vampire knight
  1183 | D        | Killed a vampire knight
  1183 | D        | Reached skill level 19 in Fighting
  1185 | D        | Identified the ring of Totzuim {rPois rC+ EV+1 Slay+4}
  1185 | D        | Noticed a vampire knight
  1186 | D        | Noticed a lich
  1188 | D        | Identified the +11 halberd "Lifebane" {chop, Int+3}
  1189 | D        | Killed a vampire knight
  1198 | D        | Noticed an Executioner
  1205 | D        | Killed a vampire knight
  1205 | D        | Reached skill level 5 in Throwing
  1205 | D        | Reached skill level 10 in Evocations
  1217 | D        | Killed a lich
  1234 | D        | Found a transporter.
  1264 | D        | Entered arena 20.
  1281 | D        | Noticed a balrug
  1283 | D        | Noticed a lich
  1293 | D        | Killed a balrug
  1296 | D        | Noticed a Tzitzimitl
  1298 | D        | Found the +5 robe of Night {Dark MR+ SInv}
  1304 | D        | Killed a lich
  1305 | D        | Found a transporter.
  1306 | D        | Found the +10 zealot's sword {holy, *Rage rN+ EV+3}
  1442 | D        | Got the Handbook of Protection and Necromancy
  1444 | D        | Entered arena 21.
  1454 | D        | Noticed a deep elf master archer
  1454 | D        | Noticed a deep elf sorcerer
  1455 | D        | Identified the +11 short sword "Kiona" {freeze, rC+}
  1455 | D        | Noticed a deep elf sorcerer
  1455 | D        | Noticed a deep elf annihilator
  1456 | D        | Identified the amulet "Oggem" {Faith -Tele rC++ MR+ Slay+3}
  1456 | D        | Noticed a deep elf sorcerer
  1457 | D        | Noticed a deep elf blademaster
  1457 | D        | Noticed a deep elf sorcerer
  1458 | D        | Noticed a deep elf master archer
  1458 | D        | Noticed a deep elf annihilator
  1467 | D        | Killed a deep elf master archer
  1468 | D        | Killed a deep elf annihilator
  1468 | D        | Reached skill level 15 in Shields
  1469 | D        | Killed a deep elf sorcerer
  1469 | D        | Reached skill level 20 in Fighting
  1469 | D        | Killed a deep elf sorcerer
  1470 | D        | Killed a deep elf sorcerer
  1472 | D        | Killed a deep elf sorcerer
  1473 | D        | Killed a deep elf annihilator
  1474 | D        | Reached XP level 15. HP: 182/182 MP: 27/27
  1474 | D        | Killed a deep elf blademaster
  1482 | D        | Killed a deep elf master archer
  1489 | D        | Found a transporter.
  1505 | D        | Entered arena 22.
  1512 | D        | Noticed a fire giant
  1512 | D        | Noticed a fire giant
  1512 | D        | Noticed a frost giant
  1512 | D        | Noticed a titan
  1512 | D        | Noticed a frost giant
  1512 | D        | Noticed a fire giant
  1512 | D        | Noticed a titan
  1512 | D        | Noticed a titan
  1513 | D        | Noticed a fire giant
  1513 | D        | Noticed a titan
  1513 | D        | Noticed a titan
  1513 | D        | Noticed a fire giant
  1513 | D        | Noticed a titan
  1514 | D        | Noticed a fire giant
  1514 | D        | Noticed a frost giant
  1515 | D        | Found the +8 demon blade "Bloodbane" {slice, *Rage +Rage
                  | Stlth-}
  1520 | D        | Killed a fire giant
  1520 | D        | Reached skill level 15 in Dodging
  1526 | D        | Killed a frost giant
  1528 | D        | Killed a frost giant
  1528 | D        | Reached skill level 21 in Fighting
  1528 | D        | Killed a titan
  1529 | D        | Killed a titan
  1530 | D        | Killed a fire giant
  1530 | D        | Reached skill level 10 in Throwing
  1533 | D        | Killed a titan
  1534 | D        | Killed a titan
  1534 | D        | Killed a fire giant
  1535 | D        | Killed a fire giant
  1537 | D        | Killed a titan
  1537 | D        | Reached skill level 15 in Armour
  1539 | D        | Killed a titan
  1539 | D        | Reached skill level 22 in Fighting
  1540 | D        | Killed a frost giant
  1540 | D        | Killed a fire giant
  1540 | D        | Reached XP level 16. HP: 200/200 MP: 27/29
  1549 | D        | Found a transporter.
  1576 | D        | Got the ring "Fyoruur" {Wiz rF- rN++ Int+4 Slay+3}
  1713 | D        | Entered arena 23.
  1727 | D        | Noticed a quicksilver dragon
  1727 | D        | Noticed a quicksilver dragon
  1728 | D        | Noticed a golden dragon
  1733 | D        | Noticed a quicksilver dragon
  1733 | D        | Noticed a shadow dragon
  1733 | D        | Noticed a shadow dragon
  1738 | D        | Killed a quicksilver dragon
  1748 | D        | Killed a quicksilver dragon
  1752 | D        | Killed a golden dragon
  1752 | D        | Reached skill level 23 in Fighting
  1758 | D        | Killed a shadow dragon
  1765 | D        | Killed a quicksilver dragon
  1771 | D        | Killed a shadow dragon
  1789 | D        | Found a transporter.
  1797 | D        | Got the amulet "Qogrok Inier" {rF+ Regen+ Int+7}
  1835 | D        | Entered arena 24.
  1835 | D        | Identified the cursed +2 hand crossbow of Purpose {elec,
                  | Fragile rN+++ MR+ Int+3}
  1835 | D        | Identified the +14 crystal plate armour "Tereejuf" {rF+
                  | Str+3}
  1843 | D        | Identified the +0 chain mail of Articulation {Str+3}
  1845 | D        | Noticed a lich
  1845 | D        | Identified the +5 dagger of Huahuack {pierce, Int+5}
  1846 | D        | Noticed an ancient lich
  1849 | D        | Identified a ring of the Octopus King {Wiz AC+1 EV+1 Str+1
                  | Int+1 Dex+1}
  1853 | D        | Killed a lich
  1854 | D        | Noticed a Tzitzimitl
  1862 | D        | Reached skill level 24 in Fighting
  1878 | D        | Killed an ancient lich
  1878 | D        | Reached skill level 15 in Evocations
  1878 | D        | Reached XP level 17. HP: 88/217 MP: 31/31
  1891 | D        | Found a transporter.
  2124 | D        | Entered arena 25.
  2314 | D        | Reached skill level 15 in Throwing
  2315 | D        | Noticed an acid blob
  2322 | D        | Noticed an acid blob
  2322 | D        | Noticed an acid blob
  2334 | D        | Killed an acid blob
  2334 | D        | Reached skill level 25 in Fighting
  2338 | D        | Killed an acid blob
  2341 | D        | Killed an acid blob
  2366 | D        | Found a transporter.
  2368 | D        | Found the +8 demon blade "Leech" {vamp, rN+ AC-3 EV-3}
  2373 | D        | Found the +3 Elemental Staff {rElec rF++ rC++ MR++ AC+5}
  2429 | D        | Entered arena 26.
  2437 | D        | Identified the amulet of Cuhaw {Reflect *Corrode +Inv rPois
                  | Dex+6 SH+2}
  2438 | D        | Noticed a lich
  2439 | D        | Noticed Uteiwioz the pandemonium lord
  2440 | D        | Noticed Xeny the pandemonium lord
  2448 | D        | Noticed a tentacled starspawn
  2456 | D        | Identified the cursed +0 scale mail of the Salmon {rC++
                  | MP+9 Str+2 Dex+3}
  2456 | D        | Killed a lich
  2456 | D        | Noticed a tentacled starspawn
  2460 | D        | Noticed a tentacled monstrosity
  2462 | D        | Noticed a tentacled starspawn
  2462 | D        | Noticed a profane servitor
  2462 | D        | Noticed a tentacled starspawn
  2466 | D        | Paralysed by accursed screaming for 1 turns
  2467 | D        | HP: 2/177 [Uteiwioz the pandemonium lord (28)]
  2468 | D        | Killed Uteiwioz the pandemonium lord
  2468 | D        | Reached skill level 26 in Fighting
  2468 | D        | Reached XP level 18. HP: 55/188 MP: 31/33
  2470 | D        | Killed Xeny the pandemonium lord
  2476 | D        | Killed a profane servitor
  2476 | D        | Reached skill level 27 in Fighting
  2488 | D        | Paralysed by accursed screaming for 1 turns
  2501 | D        | Paralysed by accursed screaming for 2 turns
  2524 | D        | Found a transporter.
  2543 | D        | Got the amulet of Deruc {+Rage +Fly MR+ Str+2}
  2577 | D        | Got the amulet of Zialyitsali {Inacc rPois Int-3 Dex+8
                  | Stlth-}
  2588 | D        | Entered arena 27.
  2763 | D        | Noticed an Ice Fiend
  2809 | D        | Killed an Ice Fiend
  2812 | D        | Found a transporter.
  2813 | D        | Found the macabre finger necklace {rN+}
  2873 | D        | Got the amulet of Undoing {Inacc rElec rF+++ Str+6}
  2879 | D        | Got the ring "Muna" {rN+ Str+5}
  3147 | D        | Got the ring "Xashruki" {rC+ Str+3 Dex+2}
  3157 | D        | Entered arena 28.
  3172 | D        | Noticed an Ice Fiend
  3183 | D        | Killed an Ice Fiend
  3187 | D        | Identified the ring of the First Mice {rN+ Int+8 Dex-3}
  3188 | D        | Noticed a shard shrike
  3190 | D        | Identified the +11 battleaxe "Beastbane" {flame, Dex+5}
  3190 | D        | Identified the cursed +0 scale mail "Ykhin" {rF++ MR+ Int-3
                  | Stlth+}
  3213 | D        | Killed a shard shrike
  3239 | D        | Reached XP level 19. HP: 121/245 MP: 35/35
  3244 | D        | Found a transporter.
  3506 | D        | Got Qebruerph's Volume of Orientation and Moulding
  3512 | D        | Got the Volume of Displacement and Lightness
  3544 | D        | Got the Orb of Zot
  3588 | D        | Escaped with the Orb!

Skill      XL: |  1  2  3  4  5  6  7  8  9 10 11 12 13 14 15 16 17 18 |
---------------+-------------------------------------------------------+-----
Fighting       | 6 7 9 10 11 13 14 15 17 18 20 22 24 26 27 | 27.0
Axes           | 4 5 6 7 8 10 11 12 13 14 16 17 19 | 19.1
Armour         | 2 3 4 5 6 7 8 9 10 11 12 13 15 16 18 20 | 20.5
Shields        | 4 5 6 7 8 9 10 11 12 14 15 | 15.3
Dodging        | 4 5 6 8 9 10 12 13 14 16 18 19 21 | 21.9
Invocations    | 4 5 6 7 9 10 12 13 15 16 18 20 22 24 | 24.9
Evocations     | 1 5 7 9 11 12 15 17 19 | 19.2
Throwing       | 3 7 11 14 17 20 | 20.4

Action                   |  1- 3 |  4- 6 |  7- 9 | 10-12 | 13-15 | 16-18 | 19-21 || total
-------------------------+-------+-------+-------+-------+-------+-------+-------++-------
Melee: Broad axe         |     4 |     7 |     8 |   102 |   161 |   319 |       ||   601
Throw: Javelin           |       |       |       |       |       |    13 |       ||    13
Invok: Greater Servant o |       |       |       |       |     4 |       |       ||     4
       Major Destruction |       |       |       |       |       |     1 |       ||     1
Evoke: Sack of spiders   |       |       |       |       |       |     1 |       ||     1
       Box of beasts     |       |       |       |       |       |     1 |       ||     1
       Lightning rod     |       |       |       |       |       |     1 |       ||     1
       Phial of floods   |       |       |       |       |       |     1 |       ||     1
  Use: Potion            |     1 |       |       |     8 |     3 |    13 |       ||    25
       Scroll            |       |       |       |     1 |     1 |    13 |     3 ||    18
 Stab: Invisible         |       |       |       |     4 |       |    19 |       ||    23
       Distracted        |       |       |       |       |     3 |    10 |       ||    13
       Held in net/web   |       |       |       |       |       |     2 |       ||     2
       Paralysed         |       |       |       |       |       |     2 |       ||     2
  Eat: Chunk             |       |       |       |       |     1 |       |       ||     1
       Ration            |       |       |       |       |     1 |     2 |       ||     3
Armor: Gold dragon scale |       |     2 |     1 |    63 |   103 |   256 |       ||   425
Dodge: Dodged            |     1 |       |       |    10 |    23 |    80 |       ||   114
Block: Shield            |     5 |    12 |     7 |   172 |   278 |   477 |       ||   951
